[Event "FIDE WCCC Open-12 2024"]
[Site "Montesilvano"]
[Date "2024.11.18"]
[Round "1.46"]
[White "Macia Tell, Dario"]
[Black "Gao, Arthur"]
[Result "0-1"]
[ECO "E94"]
[WhiteElo "1520"]
[BlackElo "1979"]
[PlyCount "108"]
[EventDate "2024.11.18"]
[EventType "swiss"]
[EventCountry "ITA"]
[TimeControl "5400+30"]

1. d4 Nf6 2. c4 g6 3. Nc3 Bg7 4. Nf3 O-O 5. e4 d6 6. Be2 e5 7. d5 a5 8. O-O Na6 9. Be3 Nc5 10. Qc2 Ng4 11. Bxc5 dxc5 12. h3 Nh6 13. Rfe1 f5 14. Bd3 f4 15. Bf1 g5 16. Rad1 g4 17. hxg4 Nxg4 18. Nh2 Nxh2 19. Kxh2 Qh4+ 20. Kg1 Rf6 21. f3 Rh6 22. a3 Qh2+ 23. Kf2 Bf6 24. Ke2 Bh4 25. Kd2 Bxe1+ 26. Rxe1 Rg6 27. Kc1 Bd7 28. Rd1 h5 29. Na4 b6 30. Nc3 h4 31. Kb1 h3 32. gxh3 Qxc2+ 33. Kxc2 Rg3 34. Be2 Rxh3 35. a4 Kf7 36. Nb5 Bxb5 37. cxb5 Rh2 38. Kd2 Rg8 39. b3 Rgg2 40. Re1 Kf6 41. Kd3 Kg5 42. Bd1 Kh4 43. Kc4 Kg3 44. Rf1 Ra2 45. d6 cxd6 46. Kd5 Rad2+ 47. Kc6 Kg2 48. Re1 Kf2 49. Re2+ Rxe2 50. Bxe2 Kxe2 51. Kxb6 Kxf3 52. Kc7 Kxe4 53. b6 f3 54. b7 Rh8 0-1

[Event "FIDE WCCC Open-12 2024"]
[Site "Montesilvano"]
[Date "2024.11.18"]
[Round "1.47"]
[White "Platonovs, Nikolajs"]
[Black "Huang, Hao-Xuan"]
[Result "1-0"]
[ECO "C70"]
[WhiteElo "1969"]
[BlackElo "1516"]
[PlyCount "93"]
[EventDate "2024.11.18"]
[EventType "swiss"]
[EventCountry "ITA"]
[TimeControl "5400+30"]

1. e4 e5 2. Nf3 Nc6 3. Bb5 a6 4. Ba4 Bb4 5. O-O d6 6. c3 Ba5 7. d4 b5 8. Bb3 Bg4 9. h3 Bh5 10. d5 Nce7 11. Qd3 Nf6 12. Bg5 Nd7 13. Bc2 O-O 14. Nbd2 Bb6 15. Rfe1 h6 16. Bh4 Rc8 17. Nf1 c5 18. dxc6 Rxc6 19. Ng3 Bg6 20. Rad1 Re8 21. Qe2 Qc7 22. Bxe7 Rxe7 23. Nh4 Bh7 24. Nhf5 Bxf5 25. Nxf5 Re6 26. Bb3 Rf6 27. Qg4 g6 28. Kh1 Kf8 29. Nxh6 Rf4 30. Qg5 Bxf2 31. g3 Rf3 32. Rf1 Qb6 33. Ng4 Ke8 34. Qh4 f5 35. Be6 fxe4 36. Bxd7+ Kxd7 37. Nxe5+ Kc7 38. Qe7+ Kc8 39. Qd7+ Kb8 40. Nxc6+ Qxc6 41. Qxc6 Rf5 42. Rxd6 Rf8 43. Rxf2 Rc8 44. Qb6+ Ka8 45. Rf7 Rc7 46. Rd8+ Rc8 47. Qb7# 1-0

[Event "FIDE WCCC Open-12 2024"]
[Site "Montesilvano"]
[Date "2024.11.18"]
[Round "1.48"]
[White "Sharku, Uvejs"]
[Black "Qu, Haoming"]
[Result "0-1"]
[ECO "A41"]
[WhiteElo "1516"]
[BlackElo "1969"]
[PlyCount "86"]
[EventDate "2024.11.18"]
[EventType "swiss"]
[EventCountry "ITA"]
[TimeControl "5400+30"]

1. d4 d6 2. c4 e5 3. dxe5 dxe5 4. Qxd8+ Kxd8 5. Nc3 c6 6. Bd2 Be6 7. e4 f6 8. O-O-O Kc7 9. f4 Nd7 10. Nf3 Bd6 11. fxe5 Nxe5 12. Nxe5 Bxe5 13. Be2 Ne7 14. g3 b6 15. Bf4 Ng6 16. Bxe5+ Nxe5 17. b3 Rhe8 18. Rd2 Rad8 19. Rhd1 Rxd2 20. Rxd2 Bf7 21. Rd1 Bg6 22. Re1 Nd7 23. Bf3 Nc5 24. Re3 f5 25. e5 Rxe5 26. Kd2 Ne4+ 27. Bxe4 fxe4 28. h3 Re7 29. Ke2 Kd6 30. Kd2 Ke5 31. Ke2 Bh5+ 32. g4 Bg6 33. Ke1 Rd7 34. Ke2 h5 35. Ke1 hxg4 36. hxg4 Kf4 37. Ke2 Rd4 38. Kf2 Rd2+ 39. Ne2+ Kxg4 40. Rg3+ Kf5 41. Ke1 Rxa2 42. Nd4+ Kf6 43. Nxc6 Bh5 0-1

[Event "FIDE WCCC Open-12 2024"]
[Site "Montesilvano"]
[Date "2024.11.18"]
[Round "1.49"]
[White "Sun, Kevin"]
[Black "Lenoks, Martin Jr."]
[Result "1-0"]
[ECO "B13"]
[WhiteElo "1966"]
[BlackElo "1514"]
[PlyCount "133"]
[EventDate "2024.11.18"]
[EventType "swiss"]
[EventCountry "ITA"]
[TimeControl "5400+30"]

1. e4 c6 2. d4 d5 3. exd5 cxd5 4. Bd3 Nf6 5. c3 Nc6 6. Bf4 e6 7. Nf3 Bd6 8. Bxd6 Qxd6 9. O-O O-O 10. Re1 Re8 11. Ne5 Bd7 12. Nd2 Qc7 13. Ndf3 h6 14. Qd2 a6 15. Nxc6 Bxc6 16. Ne5 Nd7 17. Re3 Nxe5 18. dxe5 Red8 19. Rae1 d4 20. cxd4 Rxd4 21. Bh7+ Kxh7 22. Qxd4 Rd8 23. Qg4 Qa5 24. h3 Qxa2 25. Rg3 g6 26. Qf4 Rd7 27. Qb4 Qd5 28. Rf3 a5 29. Qf8 f6 30. exf6 Qd2 31. Rfe3 Qd6 32. Qxd6 Rxd6 33. Rxe6 Rxe6 34. Rxe6 Kg8 35. Re7 Kf8 36. Rg7 Be4 37. f3 Bd3 38. Rxb7 Bc4 39. Kf2 Bd5 40. Rb5 Be6 41. Rxa5 Kf7 42. Ra7+ Kxf6 43. Ra6 Kf5 44. g4+ Kf6 45. Ke3 Ke5 46. Rxe6+ Kxe6 47. Ke4 g5 48. b4 Kd6 49. Kf5 Kc6 50. Kg6 Kb5 51. Kxh6 Kxb4 52. Kxg5 Kc5 53. h4 Kd6 54. Kg6 Ke7 55. Kg7 Ke6 56. f4 Ke7 57. f5 Ke8 58. f6 Kd7 59. f7 Ke6 60. f8=N+ Ke5 61. h5 Kf4 62. h6 Kxg4 63. h7 Kg5 64. h8=Q Kf5 65. Qh5+ Kf4 66. Ng6+ Ke4 67. Qe5+ {[%emt 0:17:48] Kf4} 1-0

[Event "FIDE WCCC Open-12 2024"]
[Site "Montesilvano"]
[Date "2024.11.18"]
[Round "1.50"]
[White "Mohd Firdaus, Firast Haiqal"]
[Black "El Zein, Bassam"]
[Result "0-1"]
[ECO "D02"]
[WhiteElo "1514"]
[BlackElo "1947"]
[PlyCount "42"]
[EventDate "2024.11.18"]
[EventType "swiss"]
[EventCountry "ITA"]
[TimeControl "5400+30"]

1. Nf3 d5 2. d4 Nc6 3. Bf4 Bf5 4. c3 Nf6 5. e3 e6 6. Bd3 Ne4 7. Bxe4 dxe4 8. Ne5 Nxe5 9. Bxe5 f6 10. Bg3 Qd7 11. Nd2 O-O-O 12. a4 g5 13. h4 gxh4 14. Bxh4 Rg8 15. Bxf6 Be7 16. Bxe7 Qxe7 17. Rh2 Qd6 18. Nf1 Bg4 19. Qc2 e5 20. Qxe4 exd4 21. Qxd4 Qa6 0-1

[Event "FIDE WCCC Open-12 2024"]
[Site "Montesilvano"]
[Date "2024.11.18"]
[Round "1.51"]
[White "Gao, Heye"]
[Black "Pennacchia, Domenico"]
[Result "1-0"]
[ECO "B38"]
[WhiteElo "1933"]
[BlackElo "1510"]
[PlyCount "57"]
[EventDate "2024.11.18"]
[EventType "swiss"]
[EventCountry "ITA"]
[TimeControl "5400+30"]

1. e4 c5 2. Nf3 d6 3. d4 cxd4 4. Nxd4 Nf6 5. f3 g6 6. c4 Bg7 7. Nc3 O-O 8. Be3 Nc6 9. Qd2 a6 10. Be2 Qc7 11. O-O Bd7 12. Rac1 Rac8 13. b3 Ne5 14. Rfd1 Rfe8 15. h3 Nc6 16. Nd5 Qb8 17. Nb6 Nxd4 18. Bxd4 Be6 19. Nxc8 Rxc8 20. Qe3 Qc7 21. c5 Qd7 22. cxd6 Rxc1 23. Rxc1 Qxd6 24. e5 Nd5 25. exd6 Nxe3 26. Bxe3 exd6 27. Rc7 Bd5 28. Rc8+ Bf8 29. Bh6 1-0

[Event "FIDE WCCC Open-12 2024"]
[Site "Montesilvano"]
[Date "2024.11.18"]
[Round "1.52"]
[White "Kim, Derek Minwoo"]
[Black "Zhandos, Akarys"]
[Result "0-1"]
[ECO "B72"]
[WhiteElo "1699"]
[BlackElo "1932"]
[PlyCount "84"]
[EventDate "2024.11.18"]
[EventType "swiss"]
[EventCountry "ITA"]
[TimeControl "5400+30"]

1. e4 c5 2. Nf3 d6 3. d4 cxd4 4. Nxd4 Nf6 5. Nc3 g6 6. Be3 Bg7 7. Bc4 Ng4 8. Bb5+ Kf8 9. Qf3 Nc6 10. Nxc6 bxc6 11. Bxc6 Ne5 12. Bxa8 Nxf3+ 13. gxf3 Be6 14. Bd5 Bxc3+ 15. bxc3 Bxd5 16. exd5 Qa5 17. Bd4 f6 18. Ke2 Qxd5 19. Rhb1 Kf7 20. Rb3 h5 21. Rab1 Qe6+ 22. Be3 a5 23. a3 h4 24. Rd1 Rc8 25. Rd4 Qf5 26. Kd2 g5 27. Rb7 Qxf3 28. Ra7 Qc6 29. Rd3 g4 30. Rxa5 Qg2 31. Ra4 f5 32. Ra5 Qxh2 33. Rxf5+ Ke6 34. Rf4 g3 35. Kc1 g2 36. f3 Qxf4 37. Bxf4 g1=Q+ 38. Kd2 h3 39. Re3+ Kf5 40. Re4 Qf2+ 41. Kd3 Qxf3+ 42. Re3 Qd1# {[%emt 1:19:29] Kd4 Ke5#} 0-1

[Event "FIDE WCCC Open-12 2024"]
[Site "Montesilvano"]
[Date "2024.11.18"]
[Round "1.53"]
[White "Zhang, Haoxuan"]
[Black "Sobirov, Feruzbek"]
[Result "1-0"]
[ECO "D32"]
[WhiteElo "1951"]
[BlackElo "1487"]
[PlyCount "76"]
[EventDate "2024.11.18"]
[EventType "swiss"]
[EventCountry "ITA"]
[TimeControl "5400+30"]

1. d4 Nf6 2. c4 e6 3. Nf3 d5 4. Nc3 c5 5. cxd5 exd5 6. Bg5 Be6 7. e3 Nc6 8. Be2 cxd4 9. Nxd4 Be7 10. O-O O-O 11. Rc1 Rc8 12. Bd3 Nxd4 13. exd4 Qb6 14. Qd2 h6 15. Bf4 Rfd8 16. Na4 Qb4 17. Qxb4 Bxb4 18. a3 Be7 19. Rce1 Bd6 20. Bxd6 Rxd6 21. Re2 Nd7 22. Rfe1 a6 23. b4 Rdc6 24. Nc5 Nxc5 25. bxc5 Ra8 26. Rb2 Ra7 27. f4 g6 28. Kf2 Kg7 29. Kf3 h5 30. h3 Kf6 31. g4 b6 32. Rxb6 Rxb6 33. cxb6 Rb7 34. Rb1 a5 35. Ba6 Rb8 36. b7 Ke7 37. Rc1 Kd6 38. Rc8 Ra8 1-0

[Event "FIDE WCCC Open-12 2024"]
[Site "Montesilvano"]
[Date "2024.11.18"]
[Round "1.54"]
[White "Son, Juwon"]
[Black "Dos Santos, Leonardo Lopes"]
[Result "1/2-1/2"]
[ECO "C30"]
[WhiteElo "1448"]
[BlackElo "1930"]
[PlyCount "43"]
[EventDate "2024.11.18"]
[EventType "swiss"]
[EventCountry "ITA"]
[TimeControl "5400+30"]

1. e4 e5 2. Nc3 Nc6 3. f4 d6 4. Nf3 Nf6 5. Bb5 Bg4 6. h3 Bxf3 7. Qxf3 a6 8. Bxc6+ bxc6 9. d3 Rb8 10. Rb1 Be7 11. O-O O-O 12. Be3 Re8 13. g4 exf4 14. Qxf4 Rf8 15. Qf3 c5 16. b3 h6 17. g5 hxg5 18. Bxg5 c6 19. Qg2 Nd7 20. Rf5 Ne5 21. Rbf1 f6 22. Bf4 1/2-1/2

[Event "FIDE WCCC Open-12 2024"]
[Site "Montesilvano"]
[Date "2024.11.18"]
[Round "1.55"]
[White "Rueda Ahumada, Gabriel Omar"]
[Black "Mamarasulov, Husan"]
[Result "1-0"]
[ECO "A33"]
[WhiteElo "1928"]
[BlackElo "1407"]
[PlyCount "103"]
[EventDate "2024.11.18"]
[EventType "swiss"]
[EventCountry "ITA"]
[TimeControl "5400+30"]

1. c4 e6 2. Nc3 c5 3. e4 Nc6 4. g3 Nf6 5. Bg2 d6 6. Nge2 Be7 7. O-O O-O 8. d4 cxd4 9. Nxd4 Nxd4 10. Qxd4 e5 11. Qd3 Be6 12. b3 Qd7 13. f4 Bh3 14. f5 Bxg2 15. Kxg2 Rfd8 16. h3 h6 17. g4 Nh7 18. Be3 f6 19. Qd5+ Kh8 20. Rad1 Qc6 21. Rd2 a6 22. Rfd1 Rab8 23. a4 Qe8 24. Qa5 g5 25. Nd5 Bf8 26. Bb6 h5 27. Bxd8 Rxd8 28. Rd3 Bh6 29. R1d2 Bf8 30. c5 Kg8 31. cxd6 Rxd6 32. Ne7+ Qxe7 33. Rxd6 Qf7 34. Qd5 Bxd6 35. Qxf7+ Kxf7 36. Rxd6 hxg4 37. hxg4 Nf8 38. Rb6 Ke7 39. Rxb7+ Nd7 40. Kf2 Kd6 41. b4 Kc6 42. Rxd7 Kxd7 43. Ke2 Kc6 44. Kd3 Kd6 45. Kc4 Kc6 46. a5 Kd6 47. b5 axb5+ 48. Kxb5 Kc7 49. Kc5 Kb7 50. Kd6 Ka6 51. Ke6 Kxa5 52. Kxf6 1-0

[Event "FIDE WCCC Open-12 2024"]
[Site "Montesilvano"]
[Date "2024.11.18"]
[Round "1.64"]
[White "Lin, Alex Y"]
[Black "Tona, Leonardo"]
[Result "0-1"]
[ECO "A20"]
[WhiteElo "1943"]
[BlackElo "1906"]
[PlyCount "62"]
[EventDate "2024.11.18"]
[EventType "swiss"]
[EventCountry "ITA"]
[TimeControl "5400+30"]

1. c4 e5 2. a3 Nf6 3. d3 g6 4. b3 Bg7 5. Bb2 d6 6. Nd2 O-O 7. e3 Be6 8. Ngf3 Nfd7 9. Be2 f5 10. e4 f4 11. O-O g5 12. h3 h6 13. Re1 Nc6 14. Rc1 Bf7 15. Qc2 h5 16. g4 fxg3 17. fxg3 Be6 18. Bf1 g4 19. hxg4 Bxg4 20. Nh2 Qg5 21. Nxg4 Qxg4 22. Kg2 h4 23. Re3 Bh6 24. Rf3 Rxf3 25. Nxf3 Qxg3+ 26. Kh1 Bxc1 27. Bxc1 Qxf3+ 28. Qg2+ Qxg2+ 29. Bxg2 Rf8 30. Bh3 Nd4 31. Bxd7 Rf1+ 0-1

[Event "FIDE WCCC Open-12 2024"]
[Site "Montesilvano"]
[Date "2024.11.18"]
[Round "1.65"]
[White "Bundan, Edward"]
[Black "Mamarasulov, Husan"]
[Result "1-0"]
[ECO "B76"]
[WhiteElo "1905"]
[BlackElo "1407"]
[PlyCount "47"]
[EventDate "2024.11.18"]
[EventType "swiss"]
[EventCountry "ITA"]
[TimeControl "5400+30"]

1. e4 c5 2. Nf3 d6 3. d4 cxd4 4. Nxd4 Nf6 5. Nc3 g6 6. Be2 Bg7 7. Be3 Nc6 8. f3 O-O 9. Qd2 Bd7 10. O-O-O Kh8 11. h4 Nh5 12. Nxc6 Bxc6 13. g4 Bxc3 14. Qxc3+ Ng7 15. h5 gxh5 16. Rxh5 e5 17. Rh6 f6 18. Rdh1 Kg8 19. Rxh7 Rc8 20. Qb3+ d5 21. Bc5 Re8 22. Qe3 Qa5 23. Qh6 Rc7 24. Qxf6 1-0

[Event "FIDE WCCC Open-12 2024"]
[Site "Montesilvano"]
[Date "2024.11.18"]
[Round "1.71"]
[White "Fadeev, Justin Michael"]
[Black "Sharafutdinov, Timur"]
[Result "1-0"]
[ECO "C56"]
[WhiteElo "1878"]
[BlackElo "1925"]
[PlyCount "93"]
[EventDate "2024.11.18"]
[EventType "swiss"]
[EventCountry "ITA"]
[TimeControl "5400+30"]

1. e4 e5 2. Nf3 Nc6 3. d4 exd4 4. Bc4 Nf6 5. e5 d5 6. Bb5 Bb4+ 7. c3 dxc3 8. bxc3 Qe7 9. O-O Ne4 10. cxb4 Be6 11. Ba3 O-O 12. Bxc6 bxc6 13. Nd4 Bd7 14. f3 Ng5 15. f4 Ne4 16. Qc2 c5 17. bxc5 c6 18. Nc3 f5 19. Rab1 Rab8 20. Nxe4 fxe4 21. Rxb8 Rxb8 22. Rb1 Qf8 23. e6 Rxb1+ 24. Qxb1 Be8 25. Qb8 Qe7 26. Nf5 Qxe6 27. Nd6 Kf8 28. Bb2 e3 29. Qxe8+ Qxe8 30. Nxe8 Kxe8 31. Bxg7 h6 32. Bd4 e2 33. Kf2 e1=Q+ 34. Kxe1 Kf7 35. f5 a5 36. f6 a4 37. g4 Kg8 38. h4 h5 39. gxh5 a3 40. h6 Kf7 41. h7 Kg6 42. h8=Q Kf5 43. f7 Ke4 44. f8=Q Kd3 45. Qf3+ Kc2 46. Qh7+ Kc1 47. Qc3# 1-0

[Event "FIDE WCCC Open-12 2024"]
[Site "Montesilvano"]
[Date "2024.11.18"]
[Round "1.72"]
[White "Stefanov, Stefan"]
[Black "Gazzato, Nicolo`"]
[Result "1/2-1/2"]
[ECO "D95"]
[WhiteElo "1478"]
[BlackElo "1868"]
[PlyCount "49"]
[EventDate "2024.11.18"]
[EventType "swiss"]
[EventCountry "ITA"]
[TimeControl "5400+30"]

1. d4 Nf6 2. Nf3 g6 3. c4 Bg7 4. Nc3 d5 5. e3 O-O 6. Qb3 c6 7. Bd2 Re8 8. Rc1 dxc4 9. Bxc4 e6 10. Ne5 Nbd7 11. Nxd7 Nxd7 12. O-O Nb6 13. Be2 e5 14. dxe5 Be6 15. Qc2 Bxe5 16. f4 Bf5 17. Qd1 Bxc3 18. Rxc3 Qd5 19. Rb3 Rad8 20. Bc1 Qxd1 21. Rxd1 Rxd1+ 22. Bxd1 Rd8 23. Be2 Be6 24. Ra3 a6 25. Kf2 1/2-1/2

[Event "FIDE WCCC Open-12 2024"]
[Site "Montesilvano"]
[Date "2024.11.18"]
[Round "1.73"]
[White "Williams, Henry"]
[Black "Petrovski, Nikola"]
[Result "0-1"]
[ECO "A45"]
[WhiteElo "1695"]
[BlackElo "1829"]
[PlyCount "92"]
[EventDate "2024.11.18"]
[EventType "swiss"]
[EventCountry "ITA"]
[TimeControl "5400+30"]

1. d4 Nf6 2. Bg5 g6 3. Bxf6 exf6 4. e3 Bg7 5. g3 O-O 6. Bg2 d6 7. Ne2 Nc6 8. d5 Ne5 9. f4 Ng4 10. Qd2 Re8 11. e4 f5 12. Nbc3 fxe4 13. Bxe4 Bxc3 14. Nxc3 f5 15. Qe2 Nf6 16. Qg2 Nxe4 17. O-O Bd7 18. Rfe1 Nxc3 19. Rxe8+ Qxe8 20. bxc3 Qe3+ 21. Qf2 Re8 22. Qxe3 Rxe3 23. Rb1 b6 24. Rb3 Re2 25. Ra3 a5 26. Rb3 Rxc2 27. a4 Bxa4 28. Ra3 Bb5 29. Rb3 Bc4 30. Ra3 Bxd5 31. h4 Ra2 32. Rxa2 Bxa2 33. Kf2 a4 34. Kf3 a3 35. g4 fxg4+ 36. Kxg4 Be6+ 37. Kf3 a2 38. h5 a1=Q 39. hxg6 Bf5 40. gxh7+ Kxh7 41. Kg3 Qg1+ 42. Kf3 Qe1 43. c4 Be4+ 44. Kg4 Qg1+ 45. Kh4 Bf5 46. c5 Qg4# 0-1